[Event "*** Titled Tuesday Blitz"]
[Site "Chess.com"]
[Date "2021.03.09"]
[Round "5"]
[White "anon102030"]
[Black "Philosopherrr"]
[Result "0-1"]
[WhiteElo "2687"]
[BlackElo "2522"]
[TimeControl "180+1"]
[EndTime "11:01:07 PST"]
[Termination "Philosopherrr won on time"]

1. e4 e5 2. Nc3 Bc5 3. g3 Nf6 4. Bg2 d6 5. d3 Nc6 6. Nf3 h6 7. Be3 a6 8. d4 Bb4 9. Qd3 O-O 10. O-O Bg4 11. d5 Ne7 12. Nd2 Qd7 13.
f4 exf4 14. Rxf4 Nh5 15. Rf2 Ng6 16. Bd4 Rae8 17. Nc4 b5 18. Ne3 Ne5 19. Bxe5 Rxe5 20.
Raf1 Bc5 21. Kh1 Bh3 22. Rf3 Bxg2+ 23. Kxg2 Bxe3 24. Rxe3 b4 25. Ne2 f5 26. exf5 Rexf5 27. Rxf5 Qxf5 28. Qxf5 Rxf5 29. Rd3 Re5 30. Kf3 Nf6 31. c4 g5 32. h3 h5 33. g4 hxg4+ 34.
hxg4 a5 35. Ng3 Nd7 36. b3 Kg7 37. Rd4 Nc5 38. Nf5+ Kf6 39. Rd2 Re4 40. Nd4 Rf4+ 41. Ke3 Rxg4 42. Nb5 Re4+ 43. Kf3 Rf4+ 44. Kg2 Ne4 45.
Re2 Nc3 46. Rc2 Nxb5 47. cxb5 Rd4 48. Rxc7 Rxd5 49. b6 Rb5 50. b7 Ke6 51. Kf3 Rf5+ 52. Kg4 Rb5 53. Rg7 Rb6 54. Rxg5 Rxb7 55. Rxa5 d5 56. Kf4 Kd6 57. Ke3 Ke5 58. Ra8 Rc7 59. Rb8 Rc2 60. Ra8 Rh2 61. Kd3 Rh3+ 62. Kd2 Kd4 63. Ra4 Rh2+ 64. Kd1 Kc3 65. Ra7 d4 66. Rc7+ Kd3 67. Kc1 Rxa2 68. Rb7 Kc3 69. Kb1 Kxb3 70. Rd7 Rd2 71. Kc1 Rc2+ 72. Kd1 Rc4 73. Kd2 Kb2 74.
Kd3 Rc1 75. Rb7 b3 76. Kd2 Rc2+ 77. Kd3 Rc1 78. Kxd4 Rc8 79. Kd3 Rd8+ 80. Kc4 Kc2 81. Rg7 Rc8+ 82. Kb4 b2 83. Rg2+ Kb1 84. Rg1+ Ka2 85.
Rg2 Rc1 86. Rh2 Ka1 87. Ka3 b1=Q 88. Rc2 Rd1 89. Rc1 Qxc1+ 0-1

[Event "*** Titled Tuesday Blitz"]
[Site "Chess.com"]
[Date "2021.03.09"]
[Round "5"]
[White "c_r_e_e_p_e_r"]
[Black "Ze-Pequeno"]
[Result "0-1"]
[WhiteElo "2387"]
[BlackElo "2262"]
[TimeControl "180+1"]
[EndTime "11:01:09 PST"]
[Termination "Ze-Pequeno won on time"]

1. e4 c6 2. Nc3 d5 3. Nf3 dxe4 4. Nxe4 Nd7 5. Qe2 Ndf6 6. d4 Nxe4 7. Qxe4 Nf6 8. Qd3 Bg4 9. Ne5 Bh5 10. Bg5 e6 11. g4 Bg6 12. Nxg6 hxg6 13. Bg2 Qa5+ 14. Bd2 Bb4 15.
c3 Bd6 16. h3 O-O-O 17. a3 Qc7 18. O-O-O Bf4 19. Kb1 Bxd2 20. Qxd2 Kb8 21. f4 Nd5 22. Rhf1 Nb6 23. Qc2 Rd7 24. Be4 Rxh3 25. f5 gxf5 26.
gxf5 Rh2 27. Qb3 e5 28. f6 g6 29. Bxg6 exd4 30. cxd4 Nd5 31. Bf5 Rd8 32. Be4 a6 33. Rde1 Nb6 34. Qe3 Qd6 35. Bd3 Na4 36. Re2 Rxe2 37.
Bxe2 Qxd4 38. Qxd4 Rxd4 39. Bh5 Rd7 40. Re1 Kc7 41. Re7 Nc5 42. Rxf7 Ne4 43. Rxd7+ Kxd7 44. f7 Ke7 45. Kc2 Nf6 46. Bg6 Nd7 47. Kc3 b6 48. Be4 Ne5 49. Kd4 Nxf7 50. Bxc6 Kd6 51. Bd5 Ne5 52.
b4 Nd7 53. Bb7 a5 54. b5 Nc5 55. Bc6 Ne6+ 56. Kc4 Nc7 57. a4 Ne6 58. Bb7 Nc5 59. Bc6 Nxa4 60. Kb3 Nc5+ 61. Kc4 Ne6 62. Kb3 Nd8 63. Be4 Ne6 64. Bc2 Nc5+ 65. Kc4 Ke5 66.
Bd1 Ne6 67. Bc2 Nf4 68. Bd1 Nd5 69. Kb3 Nf4 70. Kc4 Ne6 71. Kb3 Nd8 72. Kc4 Nf7 73.
Kb3 Nd6 74. Ka4 Kd4 75. Be2 Kc5 76. Bf1 Nf5 77. Be2 Ne3 78. Bd3 Nd1 79. Bc2 Nc3+ 80. Ka3 Nxb5+ 81. Ka2 Nd4 82. Bd1 b5 83. Bg4 b4 84.
Bd1 Kb5 85. Bg4 Kc5 86. Bd1 Nb5 87. Kb2 Nc3 88. Bc2 a4 89. Bd3 Kd4 90. Bg6 Nd5 91. Ka2 Kc3 92. Bf5 Nb6 93. Kb1 Nc4 94. Ka2 b3+ 95.
Kb1 a3 96. Ka1 a2 97. Be4 Ne3 98. Bf5 Nc2+ 0-1

[Event "*** Titled Tuesday Blitz"]
[Site "Chess.com"]
[Date "2021.03.09"]
[Round "5"]
[White "Blazinq"]
[Black "Rud_Makarian"]
[Result "1-0"]
[WhiteElo "2624"]
[BlackElo "2806"]
[TimeControl "180+1"]
[EndTime "11:01:11 PST"]
[Termination "Blazinq won by checkmate"]

1. e4 d5 2. exd5 Nf6 3. d4 Nxd5 4. Nf3 c6 5. c4 Nf6 6. Nc3 Bg4 7. Be3 e6 8. h3 Bxf3 9. Qxf3 Nbd7 10. Be2 Bd6 11.
O-O O-O 12. Rad1 Rc8 13. Bd3 a6 14. Bb1 Bb4 15. Ne4 Nxe4 16. Qxe4 Nf6 17. Qh4 Be7 18. Bg5 g6 19. Rfe1 Nd5 20. Bxe7 Nxe7 21. b3 Nf5 22. Qf4 Qh4 23. Qe5 Rfd8 24. Re4 Qe7 25. Ree1 Qd6 26. Bxf5 Qxe5 27. Rxe5 gxf5 28. Rd3 Rd6 29. d5 cxd5 30. cxd5 Rc5 31. Rg3+ Kf8 32. Ree3 Rcxd5 33. Rc3 Rd1+ 34. Kh2 R1d2 35. Rc7 Rxa2 36. Rxb7 Rxf2 37. Rc3 Kg7 38. Rcc7 Kf6 39. Rxf7+ Ke5 40. Rxh7 f4 41. Rh5+ Ke4 42.
Rb4+ Rd4 43. Rb6 e5 44. Rxa6 f3 45. Rg5 Rdd2 46. Ra4+ Kd3 47. Rag4 fxg2 48. Rg3+ Kc2 49. Rxe5 Kb2 50. Reg5 Ka3 51. Rxg2 Rxg2+ 52. Rxg2 Rd4 53. Rg3 Rd2+ 54. Rg2 Rd1 55. h4 Rd3 56. Rg3 Rd1 57.
Kh3 Rh1+ 58. Kg4 Rd1 59. h5 Kb4 60. h6 Rd4+ 61. Kg5 Rd5+ 62. Kg6 Rd6+ 63. Kh7 Rd7+ 64. Rg7 Rd6 65. Rg6 Rd8 66. Kg7 Rd7+ 67. Kf6 Rd6+ 68. Kf5 Rd5+ 69. Kg4 Rd7 70. Rg7 Rd4+ 71. Kh5 Rd5+ 72. Kg6 Rd6+ 73. Kg5 Rd5+ 74. Kg6 Rd6+ 75. Kh7 Rc6 76. Rf7 Rc1 77. Kg8 Rg1+ 78. Rg7 Rc1 79. h7 Rc8+ 80. Kf7 Kxb3 81. Rg8 Rc7+ 82.
Kg6 Rc6+ 83. Kf5 Rc5+ 84. Ke4 Rc4+ 85. Kd5 Rc1 86. h8=Q Rd1+ 87. Ke4 Re1+ 88. Kf3 Rc1 89. Rb8+ Kc2 90. Rc8+ Kd2 91. Rxc1 Kd3 92. Qd8# 1-0

[Event "*** Titled Tuesday Blitz"]
[Site "Chess.com"]
[Date "2021.03.09"]
[Round "5"]
[White "GoltsevDmitry2000"]
[Black "S-Fazulyanov"]
[Result "1/2-1/2"]
[WhiteElo "2713"]
[BlackElo "2549"]
[TimeControl "180+1"]
[EndTime "11:01:30 PST"]
[Termination "Game drawn - insufficient material"]

1. e4 c5 2. Nf3 Nc6 3. d4 cxd4 4.
Nxd4 g6 5. c3 Bg7 6. Be2 Nf6 7. Nd2 O-O 8. O-O d5 9. exd5 Nxd4 10.
cxd4 Nxd5 11. Nb3 Bd7 12. Nc5 Bc6 13. Bf3 Qb6 14. a3 Rad8 15. Re1 e5 16. b4 exd4 17. Bg5 Rd6 18. Qb3 h6 19. Bh4 g5 20. Bg3 Rdd8 21. Bh5 Nf6 22. Be2 Bd5 23. Qc2 Qc6 24. f3 b6 25. Bd3 bxc5 26. bxc5 Rc8 27. Rac1 Nd7 28. Bd6 Rfe8 29. Red1 Ne5 30. Bf5 Be6 31. Be4 Bd5 32. Bf5 Rcd8 33. Kh1 Be6 34. Be4 Bd5 35. Rxd4 Bxe4 36. Rxe4 Ng6 37. Rc4 Rc8 38. Qf5 Ne5 39.
R4c2 Nd7 40. h4 gxh4 41. Rc4 Re6 42. Rd1 Rce8 43. Rxh4 Re1+ 44. Rxe1 Rxe1+ 45. Kh2 Be5+ 46. Bxe5 Rxe5 47. Rg4+ Kf8 48. Qh7 Rh5+ 49. Kg3 Qc7+ 50. f4 Nf6 51. Qg7+ Ke7 52. Rg6 Qc6 53. Rxh6 Rxh6 54.
Qxh6 Qxc5 55. Kh4 Qf5 56. Kg3 Qg4+ 57. Kf2 Qd1 58. Qg5 Qd2+ 59. Kg3 Qc3+ 60. Kh4 Kf8 61. Qh6+ Ke7 62. Qg5 Qd4 63. g3 Ke6 64. Qa5 Qb6 65. Qe5+ Kd7 66. a4 Qe6 67. Qb5+ Ke7 68. Qc5+ Ke8 69.
Qb5+ Kf8 70. Qc5+ Ke8 71. Qb5+ Ke7 72. Qc5+ Kd8 73. Qd4+ Kc7 74. Qc5+ Kb8 75. Qb5+ Ka8 76. Qg5 a6 77. Qg7 Kb7 78. a5 Kc6 79. g4 Kb5 80. Qg5+ Ka4 81. Qg7 Kxa5 82. Kg5 Kb6 83. Qxf6 Qxf6+ 84.
Kxf6 a5 85. Kxf7 a4 86. g5 a3 87. g6 a2 88. g7 a1=Q 89. g8=Q Qa2+ 90. Kg7 Qb2+ 91.
Kg6 Qg2+ 92. Kf7 Qd5+ 93. Kg7 Qd4+ 94. Kh7 Qxf4 95. Qg6+ Kc5 96. Qg7 Qe4+ 97. Qg6 Qxg6+ 98. Kxg6 1/2-1/2

[Event "*** Titled Tuesday Blitz"]
[Site "Chess.com"]
[Date "2021.03.09"]
[Round "5"]
[White "Fore_Man"]
[Black "InitiatingASC"]
[Result "1/2-1/2"]
[WhiteElo "2283"]
[BlackElo "2424"]
[TimeControl "180+1"]
[EndTime "11:01:54 PST"]
[Termination "Game drawn by 50-move rule"]

1. d4 Nf6 2. c4 g6 3. Nc3 Bg7 4. e4 d6 5. Nf3 O-O 6. h3 Nc6 7. Bg5 a6 8. Be2 Na5 9. b4 Nc6 10. Rb1 b5 11. cxb5 axb5 12. Bxb5 Bb7 13. O-O Na7 14.
Bd3 h6 15. Be3 d5 16. e5 Ne4 17. Bxe4 dxe4 18. Nd2 Ba6 19. Ndxe4 Bxf1 20. Qxf1 Nc8 21. a4 Nb6 22. a5 Nd5 23. Qc4 e6 24. a6 Qd7 25. Nc5 Qc6 26. b5 Nxe3 27. fxe3 Qe8 28. N3e4 Kh7 29. Rf1 Qc8 30. Nf6+ Bxf6 31. Rxf6 Kg7 32.
Rf1 Qd8 33. Ne4 Qd5 34. Qxd5 exd5 35. Nc3 c6 36. bxc6 Rxa6 37. c7 Ra5 38. Rf6 Rc8 39. Rc6 Kf8 40. Kf2 Ke7 41. Kf3 Kd7 42. Rf6 Rxc7 43.
Rxf7+ Kd8 44. Rxc7 Kxc7 45. Kf4 Kc6 46. h4 Ra3 47.
Ne2 Ra2 48. Kf3 Rc2 49. Nf4 g5 50. hxg5 hxg5 51. Nh3 g4+ 52. Kxg4 Rxg2+ 53. Kf4 Kd7 54. Ng5 Rf2+ 55. Nf3 Ke6 56. e4 Rf1 57. Ke3 dxe4 58.
Kxe4 Ra1 59. Ng5+ Ke7 60. d5 Re1+ 61. Kf5 Rf1+ 62. Ke4 Rg1 63. Nf3 Ra1 64. d6+ Kd7 65. Nd4 Ra4 66. Kd5 Ra5+ 67. Kc4 Rxe5 68. Nb5 Re4+ 69. Kc5 Rh4 70. Nd4 Rh5+ 71. Kc4 Kxd6 72. Nb5+ Ke5 73. Nc3 Rh8 74. Kd3 Rh3+ 75. Kd2 Kd4 76.
Ne2+ Kc4 77. Kc2 Rh2 78. Kd2 Rg2 79. Kd1 Rg8 80. Kd2 Rc8 81. Kc2 Re8 82. Kd2 Kd5 83. Kd3 Rh8 84. Nc3+ Kc5 85. Ne2 Rh3+ 86. Ke4 Kc4 87.
Nf4 Rh2 88. Kf3 Rh1 89. Ne2 Kd3 90. Nf4+ Kd4 91. Ne2+ Ke5 92. Ke3 Rh3+ 93. Kd2 Ke4 94. Nc3+ Kd4 95. Ne2+ Kc4 96. Kc2 Rh2 97. Kd2 Rg2 98.
Ke3 Rh2 99. Nf4 Kc3 100. Ne2+ Kc2 101. Nd4+ Kd1 102. Nf3 Rh3 103. Kf4 Ke2 104. Ne5 Ra3 105. Kf5 Ke3 106. Ng4+ Kf3 107. Ne5+ Kg3 108. Ke6 Ra5 109. Nc6 Ra6 110. Kd6 Kf4 111. Kd5 Kf5 112. Nd4+ Kf4 113. Ne6+ Kf5 114. Nc5 Ra5 115. Kc4 Ra1 116. Nd3 Ke4 117. Nc5+ Ke5 118. Nd3+ Kd6 119. Kd4 Rd1 120. Ke3 Kd5 121. Nf4+ Ke5 1/2-1/2

[Event "*** Titled Tuesday Blitz"]
[Site "Chess.com"]
[Date "2021.03.09"]
[Round "5"]
[White "Onischuk_V"]
[Black "Nikolakis2014"]
[Result "1-0"]
[WhiteElo "2828"]
[BlackElo "2598"]
[TimeControl "180+1"]
[EndTime "11:01:57 PST"]
[Termination "Onischuk_V won by resignation"]

1. Nf3 Nf6 2. g3 g6 3. Bg2 Bg7 4. O-O O-O 5. d3 d6 6. c4 Nbd7 7. Nc3 e5 8. Rb1 Re8 9. Qc2 a5 10. a3 Nc5 11. b4 axb4 12. axb4 Ne6 13. b5 Nd4 14. Nxd4 exd4 15. Ne4 Nxe4 16. Bxe4 Bh3 17. Re1 Rb8 18. Ra1 Qc8 19. Ra7 h5 20. Bf4 h4 21. b6 Be5 22. Bxe5 Rxe5 23. bxc7 Qxc7 24. Rb1 d5 25. Bf3 Bf5 26. c5 g5 27. c6 g4 28.
Bg2 Bd7 29. Raxb7 Rxb7 30. Rxb7 Qxc6 31. Qxc6 Bxc6 32. Rb8+ Kg7 33. Bf1 Ba4 34. Rb4 Bd1 35. Rxd4 f5 36. e3 h3 37. Rb4 Bf3 38. d4 Re7 39.
Bd3 Kf6 40. Rb6+ Kg5 41. Kf1 Rc7 42. Rb1 Rc3 43. Be2 Rc2 44. Bd1 Ra2 45. Ke1 Kf6 46.
Rc1 Ke7 47. Bc2 Kd6 48. Bxf5 Re2+ 49. Kf1 Rd2 50. Bc2 Ke7 51. Ba4 Kd6 52. Bb5 Rb2 53. Ba4 Rd2 54. Rb1 Ra2 55. Bd1 Rd2 56. Ke1 Ra2 57.
Rc1 Rb2 58. Bc2 Ra2 59. Kd2 Ra3 60. Rb1 Ra2 61. Kc3 Ra3+ 62. Bb3 Ra6 63. Rc1 Rb6 64. Ra1 Rc6+ 65. Kb2 Rb6 66. Ra3 Be4 67. Ra5 Bf3 68.
Kc3 Rc6+ 69. Kd2 Rb6 70. Bc2 Rb2 71. Kc3 Rb6 72. Bd3 Rc6+ 73. Kd2 Rb6 74. Ra6 Kc7 75. Rxb6 Kxb6 76. Kc3 Ka5 77. Kb3 Bg2 78. Bf5 Bf3 79. Bd7 Kb6 80. Kb4 Be2 81. Be6 Bf3 82. Bf5 Be2 83. Bd7 Bf3 84. Be6 Kc6 85. Ka5 Kd6 86. Bf5 Be2 87. Kb6 Bf3 88. Kb7 Be2 89. Kc8 Ke7 90.
Kc7 Kf6 91. Bc2 Ke6 92. Kc6 Bf3 93. Kc5 Bg2 94. e4 dxe4 95. d5+ Ke5 96. d6 Ke6 97. Bb3+ Kd7 98. Ba4+ Ke6 99. Bb5 Bf3 100. Bc6 Bg2 101. Bb7 Kd7 102. Bd5 Bf3 103. Bf7 Bg2 104. Bg6 Bf3 105. Bf5+ Kd8 106. Kd4 Ke8 107. Ke5 Kd8 108. Bxe4 Be2 109.
Bf5 Bd1 110. Kf4 1-0

[Event "*** Titled Tuesday Blitz"]
[Site "Chess.com"]
[Date "2021.03.09"]
[Round "5"]
[White "TimofeevAr"]
[Black "mishanick"]
[Result "1/2-1/2"]
[WhiteElo "2882"]
[BlackElo "3008"]
[TimeControl "180+1"]
[EndTime "11:02:53 PST"]
[Termination "Game drawn - insufficient material"]

1. c4 e6 2. Nf3 d5 3. e3 Nf6 4. b3 Bd6 5. Bb2 O-O 6. Be2 Re8 7. O-O e5 8. cxd5 Nxd5 9. d3 Nc6 10. Nbd2 Bg4 11. a3 a5 12. Nc4 Qd7 13. Rc1 f6 14.
Nfxe5 Bxe2 15. Nxd7 Bxd1 16. Rcxd1 Red8 17. Nxd6 cxd6 18. e4 Rxd7 19. exd5 Ne7 20. Rc1 Kf7 21. Rfe1 Nxd5 22. g3 h5 23. Kg2 Rc7 24. Rxc7+ Nxc7 25. Rc1 Nd5 26. Kf3 Ke6 27. h3 a4 28. b4 Rh8 29.
Bd4 Kd7 30. Ke4 Ke6 31. f4 f5+ 32. Kf3 Rg8 33. b5 g6 34. g4 fxg4+ 35. hxg4 hxg4+ 36.
Kxg4 Rf8 37. Rf1 Rf5 38. Rf3 Kd7 39. Rf2 Kd8 40. b6 Kd7 41. Rf3 Kc6 42. Rf2 Kb5 43. Rb2+ Ka6 44. Rf2 Ka5 45. Rf3 Kb5 46. Rf2 Kc6 47.
Rf3 Rh5 48. Rf2 Kd7 49. Kf3 Rf5 50. Ke4 Ke6 51. Be3 Nc3+ 52. Kd4 Nb5+ 53. Kc4 Nxa3+ 54. Kb4 Nb5 55. Kxa4 Nc3+ 56. Kb3 Nd5 57. Bd2 Nxb6 58. Re2+ Kd7 59. Rg2 Rf6 60. Kc2 Nd5 61. Rg4 b5 62. d4 Kc6 63. Kd3 Re6 64. Rg5 Nb6 65. Ba5 Nd5 66. Bd2 Rf6 67. Rg4 Kd7 68. Ke4 Ke6 69.
Rg5 Nc7 70. d5+ Kd7 71. Bc3 Rf7 72. Rxg6 Re7+ 73. Kd4 Re2 74. Rg7+ Kc8 75. Ba5 Na6 76. f5 Nc5 77. f6 Re4+ 78. Kc3 Rc4+ 79. Kb2 Rf4 80.
f7 Nd7 81. Bd2 Rf5 82. Bh6 b4 83. Rg8+ Kc7 84. f8=Q Nxf8 85. Rxf8 Rxd5 86. Kb3 Rh5 87. Bg7 Kc6 88. Bb2 Rh4 89. Rb8 Kc5 90. Bc1 Rg4 91.
Bd2 Kc6 92. Bxb4 Rg3+ 93. Ka4 Rg4 94. Rc8+ Kd7 95. Rc2 Rf4 96. Kb5 Rf5+ 97. Kb6 Rd5 98. Rc4 Re5 99. Rc7+ Ke6 100. Rc6 Kd7 101. Rxd6+ Ke8 102. Rd4 Kf7 103. Bd6 Re2 104. Kc6 Ke6 105. Bc5 Rc2 106. Rd3 Re2 107. Rd1 Re4 108. Rh1 Ke5 109. Rh6 Re2 110. Rh8 Re4 111. Re8+ Kf5 112. Rf8+ Ke6 113. Bd6 Rc4+ 114. Bc5 Re4 115. Rf3 Ke5 116. Kd7 Kd5 117. Bd6 Kd4 118. Rf5 Kc4 119. Kc6 Kd4 120. Ra5 Kc4 121. Bc5 Re6+ 122. Bd6 Re4 123. Ra4+ Kd3 124. Ra1 Kc4 125. Rc1+ Kd4 126. Kb5 Kd5 127. Bc5 Re5 128. Rd1+ Ke4 129. Kc4 Re6 130. Re1+ Kf5 131. Be3 Ke4 132. Bd2+ Kf5 133. Rf1+ Ke4 134. Bc3 Rc6+ 135. Kb3 Re6 136. Re1+ Kf5 137. Rxe6 Kxe6 1/2-1/2

[Event "*** Titled Tuesday Blitz"]
[Site "Chess.com"]
[Date "2021.03.09"]
[Round "5"]
[White "shnitez"]
[Black "Abund"]
[Result "1/2-1/2"]
[WhiteElo "2502"]
[BlackElo "2643"]
[TimeControl "180+1"]
[EndTime "11:03:14 PST"]
[Termination "Game drawn by repetition"]

1. c4 Nf6 2. Nc3 g6 3. e4 e5 4.
g3 Bg7 5. Bg2 O-O 6. Nge2 c6 7.
O-O d6 8. d3 a6 9. h3 b5 10. a3 bxc4 11. dxc4 c5 12. f4 Nc6 13.
f5 Nd4 14. g4 Ne8 15. Nd5 f6 16. b4 Rb8 17. Rb1 Nc7 18. Nxd4 cxd4 19. Bd2 Nxd5 20. exd5 Rf7 21. Be4 g5 22. Qe2 Bf8 23. Rfc1 Rc7 24. Kg2 Bd7 25. Bd3 Rbc8 26. Kg3 Qe8 27. Be1 h6 28. Kf3 h5 29. Bd2 Rb7 30. Kg3 h4+ 31. Kf3 Rbc7 32. Ke4 Ra8 33. Rc2 Qc8 34. Rbc1 Qb7 35.
Kf3 Rac8 36. Ke4 Ba4 37. Rb2 Qa8 38. Rbb1 Be7 39. Kf3 Rb7 40. Ke4 Rcc7 41. Kf3 Qc8 42. Ke4 Qe8 43. Kf3 Rc8 44. Ke4 Qf8 45. Kf3 Bd8 46. Ke4 Qe7 47. Kf3 Rcb8 48. Ke4 Qd7 49. Qf1 Rc8 50. Kf3 Rbb8 51. Ke4 Bb6 52. Kf3 Ba7 53.
Qe2 Rc7 54. Ke4 Qc8 55. Kf3 Bd7 56. Ke4 Be8 57. Kf3 Qb7 58. Ke4 Qa8 59. Kf3 Rbc8 60. Ke4 Bb6 61. Kf3 a5 62. b5 Qa7 63. a4 Rb7 64. Qe4 Bc5 65. Rc2 Rb6 66. Rbc1 Qe7 67. Ke2 Ra8 68. Kf3 Qc7 69. Ke2 Qc8 70. Kf3 Rb7 71. Ke2 Rc7 72. Kf3 Qb7 73. Qe1 Bd7 74. Ke4 Qb6 75. Qe2 Rca7 76. Qe1 Qc7 77. Rb1 Qb6 78.
Rcb2 Rc8 79. Rb3 Rcc7 80. R3b2 Bc8 81. Rb3 Bb7 82. R3b2 Rc8 83. Rb3 Kg7 84. R3b2 Rc7 85. Qc1 Bc8 86. Bxg5 fxg5 87. Qxg5+ Kf8 88. Qd8+ Kf7 89.
g5 Bxf5+ 90. Kxf5 Kg7 91. Ke4 Rf7 92. Qf6+ Rxf6 93. gxf6+ Kxf6 94. Rf2+ Ke7 95. Rg1 Qd8 96. Rg7+ Ke8 97. Rg8+ Kd7 98. Rf7+ Kc8 99. Rxd8+ Kxd8 100. Rxa7 Bxa7 101. Kf5 Kc7 102. Kg5 Kb6 103. Kxh4 Kc5 104. Kg5 Bb6 105. h4 Bd8+ 106. Kg4 Kb4 107. h5 Kc3 108. Bf5 d3 109. Bxd3 Kxd3 110. h6 e4 111. h7 Bf6 112. b6 e3 113. b7 e2 114. b8=Q e1=Q 115. Qb3+ Qc3 116. Qxc3+ Kxc3 117. c5 dxc5 118. d6 Kb3 119. d7 c4 120. d8=Q Bxd8 121.
h8=Q Be7 122. Qb8+ Bb4 123. Qg3+ c3 124. Qd3 Kb2 125. Qd4 Kb1 126. Qd3+ c2 127. Kf3 Kb2 128. Qe2 Kb3 129. Qd3+ Kb2 130. Qe2 Kb1 131. Qd3 Kb2 1/2-1/2

[Event "*** Titled Tuesday Blitz"]
[Site "Chess.com"]
[Date "2021.03.09"]
[Round "6"]
[White "Ze-Pequeno"]
[Black "ljuks68"]
[Result "0-1"]
[WhiteElo "2258"]
[BlackElo "2440"]
[TimeControl "180+1"]
[EndTime "11:04:15 PST"]
[Termination "ljuks68 won by resignation"]

1. e4 e6 2. d4 d5 3. Nc3 Bb4 4. e5 Ne7 5. a3 Bxc3+ 6. bxc3 c5 7. Qg4 Qc7 8. Qxg7 Rg8 9. Qxh7 cxd4 10. Ne2 Nbc6 11. f4 Bd7 12. Qd3 dxc3 13. Nxc3 Qa5 14.
Bd2 Nb4 0-1

[Event "*** Titled Tuesday Blitz"]
[Site "Chess.com"]
[Date "2021.03.09"]
[Round "6"]
[White "tk22h"]
[Black "BashirliSaadat"]
[Result "1-0"]
[WhiteElo "2340"]
[BlackElo "2175"]
[TimeControl "180+1"]
[EndTime "11:05:15 PST"]
[Termination "tk22h won by checkmate"]

1. c4 e6 2. Nf3 d5 3. d4 c6 4. e3 Nf6 5. Nc3 dxc4 6. Bxc4 b5 7. Bd3 Bb7 8. a3 Nbd7 9. e4 Be7 10. h4 O-O 11. e5 Nd5 12. Nxd5 exd5 13. Bxh7+ Kxh7 14. Ng5+ Bxg5 15. hxg5+ Kg8 16. Qh5 Re8 17. Qh8# 1-0

[Event "*** Titled Tuesday Blitz"]
[Site "Chess.com"]
[Date "2021.03.09"]
[Round "6"]
[White "StockholmMissile"]
[Black "Smile2005"]
[Result "1-0"]
[WhiteElo "2574"]
[BlackElo "2394"]
[TimeControl "180+1"]
[EndTime "11:05:16 PST"]
[Termination "StockholmMissile won by resignation"]

1. d4 Nf6 2. c4 g6 3. Nc3 Bg7 4. e4 O-O 5. g3 d6 6. Bg2 e5 7.
Nf3 exd4 8. Nxd4 Re8 9. O-O Nc6 10. Nxc6 bxc6 11. Qc2 Nd7 12. b3 Nc5 13. Bb2 Ne6 14. Ne2 Bb7 15. Rad1 c5 16. Bxg7 Kxg7 17. Qc3+ Qf6 18. Qxf6+ Kxf6 19. e5+ 1-0

[Event "*** Titled Tuesday Blitz"]
[Site "Chess.com"]
[Date "2021.03.09"]
[Round "6"]
[White "andrewtnb"]
[Black "FMalexhdez"]
[Result "1-0"]
[WhiteElo "2325"]
[BlackElo "2175"]
[TimeControl "180+1"]
[EndTime "11:05:17 PST"]
[Termination "andrewtnb won by resignation"]

1. d4 Nf6 2. c4 e6 3. Nc3 Bb4 4. e3 c5 5. Ne2 d5 6. a3 cxd4 7. axb4 dxc3 8. Nxc3 O-O 9. cxd5 exd5 10. Be2 Nc6 11.
b5 Ne5 12. O-O Bf5 13. Qd4 b6 14. Qxe5 1-0

[Event "*** Titled Tuesday Blitz"]
[Site "Chess.com"]
[Date "2021.03.09"]
[Round "6"]
[White "AlexSuv"]
[Black "Sjakkerntobi"]
[Result "1-0"]
[WhiteElo "2519"]
[BlackElo "2369"]
[TimeControl "180+1"]
[EndTime "11:05:59 PST"]
[Termination "AlexSuv won by resignation"]

1. d4 e6 2. Nf3 Nf6 3. g3 d5 4. Bg2 c5 5. O-O Nc6 6. c4 dxc4 7. dxc5 Qxd1 8. Rxd1 Bxc5 9. Nbd2 O-O 10. Nxc4 h6 11. a3 Ng4 12. e3 Rd8 13. Rxd8+ Nxd8 14. b4 Be7 15. Bb2 Bf6 16. Rd1 Bxb2 17. Rxd8+ 1-0

[Event "*** Titled Tuesday Blitz"]
[Site "Chess.com"]
[Date "2021.03.09"]
[Round "6"]
[White "Fraler15"]
[Black "Leo_C"]
[Result "1-0"]
[WhiteElo "2293"]
[BlackElo "2428"]
[TimeControl "180+1"]
[EndTime "11:06:22 PST"]
[Termination "Fraler15 won by resignation"]

1. e4 Nf6 2. e5 Nd5 3. c4 Nb6 4. d4 d6 5. exd6 cxd6 6. Nc3 g6 7. a4 a5 8. c5 dxc5 9. Bb5+ Nc6 10. d5 Bd7 11. dxc6 bxc6 12. Be2 Bg7 13. Nf3 O-O 14. O-O e6 15. Be3 Qe7 16. Ne4 Bxb2 17. Bxc5 Qd8 18. Rb1 1-0

[Event "*** Titled Tuesday Blitz"]
[Site "Chess.com"]
[Date "2021.03.09"]
[Round "6"]
[White "AsaHoffmann"]
[Black "coco_crc"]
[Result "1-0"]
[WhiteElo "2408"]
[BlackElo "2208"]
[TimeControl "180+1"]
[EndTime "11:06:23 PST"]
[Termination "AsaHoffmann won by resignation"]

1. d4 d5 2. Bg5 c6 3. e3 Qb6 4. b3 h6 5. Bf4 Nd7 6. Nf3 Ngf6 7. Bd3 e6 8. h3 Be7 9. Nbd2 a5 10. a3 c5 11. c4 O-O 12. O-O Re8 13. Rb1 Bd8 14.
b4 axb4 15. axb4 cxb4 16. c5 Qa5 17. Nb3 1-0

[Event "*** Titled Tuesday Blitz"]
[Site "Chess.com"]
[Date "2021.03.09"]
[Round "6"]
[White "SlavenPastar"]
[Black "CM_rui"]
[Result "1-0"]
[WhiteElo "2549"]
[BlackElo "2382"]
[TimeControl "180+1"]
[EndTime "11:06:26 PST"]
[Termination "SlavenPastar won by resignation"]

1. b3 Nf6 2. Bb2 g6 3. e3 Bg7 4. f4 O-O 5. Nf3 d6 6. Be2 Ne8 7. Bxg7 Nxg7 8. Nc3 Nc6 9. d4 Nf5 10. Qd2 d5 11. g4 Nd6 12. h3 e6 13. h4 Ne4 14.
Nxe4 dxe4 15. Ng5 f5 16. h5 fxg4 17. hxg6 hxg6 18. Bxg4 e5 19. Qh2 1-0

[Event "*** Titled Tuesday Blitz"]
[Site "Chess.com"]
[Date "2021.03.09"]
[Round "6"]
[White "Aradhya2000"]
[Black "A-Fier"]
[Result "1-0"]
[WhiteElo "2559"]
[BlackElo "2683"]
[TimeControl "180+1"]
[EndTime "11:06:27 PST"]
[Termination "Aradhya2000 won by resignation"]

1. d4 Nf6 2. c4 c5 3. d5 e6 4. Nf3 exd5 5. cxd5 d6 6. e4 g6 7. Bd3 Bg7 8. O-O O-O 9. h3 Nbd7 10. Re1 Re8 11.
Nbd2 Nh5 12. a4 Ne5 13. Nxe5 Bxe5 14. Nc4 Bg7 15. Qf3 Be5 16. g4 Ng7 17. Nxe5 dxe5 18.
Be3 b6 19. a5 Rb8 20. axb6 axb6 21. Bb5 Re7 22. Bg5 Bd7 23. d6 Bxb5 24. dxe7 Qe8 25. Rad1 Ne6 26. Qf6 Bd7 27. Rd6 1-0

[Event "*** Titled Tuesday Blitz"]
[Site "Chess.com"]
[Date "2021.03.09"]
[Round "6"]
[White "PowerThinking2650"]
[Black "Magila31"]
[Result "1-0"]
[WhiteElo "2419"]
[BlackElo "2215"]
[TimeControl "180+1"]
[EndTime "11:06:34 PST"]
[Termination "PowerThinking2650 won by resignation"]

1. e4 e5 2. Nf3 Nc6 3. Nc3 Nf6 4. d4 exd4 5. Nxd4 Bb4 6. Nxc6 bxc6 7. Bd3 d5 8. exd5 cxd5 9. O-O O-O 10. Bg5 Be7 11. Bxf6 Bxf6 12. Qh5 g6 13. Qxd5 Qxd5 14. Nxd5 Bxb2 15. Rab1 Be5 16. Ne7+ Kg7 17. Be4 c6 18. Nxc6 Ba6 19. Nxe5 Rae8 20. Bd3 1-0

[Event "*** Titled Tuesday Blitz"]
[Site "Chess.com"]
[Date "2021.03.09"]
[Round "6"]
[White "Fighter008"]
[Black "BrandonJacobson"]
[Result "0-1"]
[WhiteElo "2619"]
[BlackElo "2922"]
[TimeControl "180+1"]
[EndTime "11:06:38 PST"]
[Termination "BrandonJacobson won by checkmate"]

1. e4 c5 2. Nf3 Nc6 3. Bb5 e6 4. O-O Nge7 5. c3 a6 6. Ba4 b5 7.
Bc2 Bb7 8. d4 cxd4 9. cxd4 Nb4 10.
Nc3 Nxc2 11. Qxc2 Rc8 12. Qe2 Ng6 13. a3 Bd6 14. e5 Bb8 15. Bg5 Qb6 16. d5 O-O 17.
Be3 Qd8 18. Bg5 Qb6 19. Be3 Qa5 20. b4 Qd8 21. Bg5 Qc7 22. Rac1 Nxe5 23. Nxb5 Nxf3+ 24. Qxf3 Qxh2# 0-1

[Event "*** Titled Tuesday Blitz"]
[Site "Chess.com"]
[Date "2021.03.09"]
[Round "6"]
[White "Vyacheslav_N"]
[Black "HanSchut"]
[Result "1-0"]
[WhiteElo "2361"]
[BlackElo "2212"]
[TimeControl "180+1"]
[EndTime "11:06:44 PST"]
[Termination "Vyacheslav_N won by resignation"]

1. e4 c5 2. c4 Nc6 3. Nf3 e6 4. d4 cxd4 5. Nxd4 Nf6 6. Nxc6 bxc6 7. Nc3 d5 8. exd5 cxd5 9. cxd5 exd5 10. Bb5+ Bd7 11. Bxd7+ Qxd7 12. O-O Be7 13. Bg5 Rd8 14.
Bxf6 Bxf6 15. Re1+ Be7 16. Qe2 Kf8 17. Rad1 d4 18. Rxd4 1-0

[Event "*** Titled Tuesday Blitz"]
[Site "Chess.com"]
[Date "2021.03.09"]
[Round "6"]
[White "Andrii_Prydun"]
[Black "kai_nov"]
[Result "1/2-1/2"]
[WhiteElo "2284"]
[BlackElo "2420"]
[TimeControl "180+1"]
[EndTime "11:06:46 PST"]
[Termination "Game drawn by agreement"]

1. d4 d5 2. Nc3 Nf6 3. Bf4 Bf5 4.
f3 e6 5. g4 Bg6 6. h4 h6 7. e3 Bd6 8. Bd3 Bxf4 9. exf4 Bxd3 10. Qxd3 Qd6 11. Nge2 a6 12. O-O-O c5 13. dxc5 Nc6 14.
cxd6 1/2-1/2

[Event "*** Titled Tuesday Blitz"]
[Site "Chess.com"]
[Date "2021.03.09"]
[Round "6"]
[White "InitiatingASC"]
[Black "MillyNeuf"]
[Result "0-1"]
[WhiteElo "2413"]
[BlackElo "2293"]
[TimeControl "180+1"]
[EndTime "11:06:58 PST"]
[Termination "MillyNeuf won by checkmate"]

1. d4 Nf6 2. c4 e6 3. Nc3 Bb4 4. e3 O-O 5. Bd3 d5 6. Nf3 Nbd7 7. O-O c5 8. a3 Bxc3 9. bxc3 b6 10. cxd5 Nxd5 11.
Bb2 cxd4 12. exd4 Bb7 13. c4 Nf4 14. Bb1 Nxg2 15. Qd3 g6 16. Kxg2 Qg5+ 17. Kh3 Qh5+ 18. Kg3 f5 19. d5 Qg4# 0-1